 Dungeon Crawl Stone Soup version 0.28-a0-691-gad6df49e81 (webtiles) character file.

Game seed: 6362528972805563161

50 ytrimaz the Covered (level 4, -1/36 (37) HPs)
             Began as a Formicid Fighter on Oct 21, 2021.
             Slain by Terence (4 damage)
             ... on level 3 of the Dungeon.
             The game lasted 00:02:05 (2478 turns).

ytrimaz the Covered (Formicid Fighter)              Turns: 2478, Time: 00:02:06

HP:   -1/36 (37)    AC:  7    Str: 22    XL:     4   Next: 4%
MP:   4/4           EV:  9    Int:  7    God:
Gold: 40            SH:  4    Dex: 10    Spells: 3/3 levels left

rFire   . . .      SeeInvis +   a - +0 war axe
rCold   . . .      Faith    .   c - +0 buckler
rNeg    . . .      Spirit   .   b - +0 scale mail
rPois   .          Reflect  .   (helmet unavailable)
rElec   .          Harm     .   (no cloak)
rCorr   +          Rampage  .   (no gloves)
Will    .....                   (no boots)
Stlth   ..........              (no amulet)
HPRegen 0.12/turn               e - ring of resist corrosion
MPRegen 0.09/turn               (no ring)

@: lightly drained
A: permanent stasis, dig shafts and tunnels, antennae 3, four strong arms
a: Dig, Shaft Self


You were on level 3 of the Dungeon.
You visited 1 branch of the dungeon, and saw 3 of its levels.

You collected 40 gold pieces.

Inventory:

Hand Weapons
 a - a +0 war axe (weapon)
Armour
 b - a +0 scale mail (worn)
 c - a +0 buckler (worn)
 g - a +0 chain mail
Jewellery
 e - a ring of resist corrosion (left hand)
Scrolls
 i - a scroll of immolation
 l - a scroll of teleportation
Potions
 d - a potion of might
 h - a potion of mutation {unknown}
 j - a potion of brilliance {unknown}
 k - a potion of flight {unknown}


   Skills:
 + Level 4.0 Fighting
 + Level 2.6 Axes
 + Level 4.1 Armour
 - Level 3.6 Shields


You had 3 spell levels left.
You didn't know any spells.
Your spell library contained the following spells:

 Spells                   Type           Power      Damage    Failure   Level
 Wereblood                Tmut           0%         N/A       87%         2
 Ignite Poison            Fire/Tmut/Pois 0%         N/A       98%         3
 Summon Guardian Golem    Hex/Summ       0%         N/A       98%         3
 Orb of Destruction       Conj           0%         N/A       100%        7
 Spellforged Servitor     Conj/Summ      0%         N/A       100%        7


Dungeon Overview and Level Annotations

Branches:
Dungeon (3/15)

Altars:
Vehumet

Annotations:
D:3 Terence


Innate Abilities, Weirdness & Mutations

You cannot be hasted, slowed, berserked, paralysed or teleported.
You can dig through walls and to a lower floor.
You have a pair of large antennae on your head. (SInv)
Your four strong arms can wield two-handed weapons with a shield.


Message History

The rat closely misses you.
You closely miss the rat. The rat bites you but does no damage.
You hit the rat.
You kill the rat!
You hit Terence. Terence closely misses you.
You hit Terence but do no damage.
Terence is moderately wounded.
Terence hits you but does no damage. Terence hits you with a +0 mace.
You closely miss Terence.
Terence is moderately wounded.
Terence hits you but does no damage.
Unknown command.
You hit Terence but do no damage.
Terence is moderately wounded.
Terence barely misses you. x2
You completely miss Terence.
Terence is moderately wounded.
You block Terence's attack.
Unknown command.
You hit Terence but do no damage.
Terence is moderately wounded.
Terence hits you with a +0 mace!
You barely miss Terence.
Terence is moderately wounded.
Terence closely misses you. Terence hits you with a +0 mace.
You slash Terence!
Terence is severely wounded.
You block Terence's attack.
You hit Terence.
Terence is almost dead.
Terence shouts, "ATTACK!!!"
Terence hits you with a +0 mace.
You completely miss Terence.
Terence is almost dead.
Terence hits you with a +0 mace! x2
* * * LOW HITPOINT WARNING * * *
You closely miss Terence.
Terence is almost dead.
Terence hits you with a +0 mace.
You die...

#<#
{###.#
#...#
#.### #.#
#.# #.#
#.# #@#
#...†@#
#.....#
........#
###.....#
#.....#
###.###
..


You could see Terence.

Vanquished Creatures
  2 worms (D:2)
  3 dart slugs (D:1)
  5 bats
  4 endoplasms
  4 goblins
  2 hobgoblins (D:1)
  4 jackals (D:2)
  2 quokkas
  2 ball pythons (D:1)
  3 frilled lizards (D:1)
  3 kobolds (D:2)
  4 rats
38 creatures vanquished.

Vanquished Creatures (others)
  3 demonic plants (D:2)
  3 fungi
  4 withered plants (D:2)
10 creatures vanquished.

Grand Total: 48 creatures vanquished

Notes
Turn   | Place    | Note
-------+----------+-------------------------------------------
     0 | D:1      | ytrimaz the Formicid Fighter began the quest for the Orb.
     0 | D:1      | Reached XP level 1. HP: 18/18 MP: 1/1
   105 | D:1      | Reached XP level 2. HP: 22/24 MP: 2/2
   280 | D:1      | Got Sif Muna's Volume of Nocuous Transformation
   618 | D:1      | Reached XP level 3. HP: 29/30 MP: 3/3
  1779 | D:2      | Found a faded altar of an unknown god.
  2417 | D:2      | Reached XP level 4. HP: 37/37 MP: 4/4
  2417 | D:2      | Found a radiant altar of Vehumet.
  2464 | D:3      | Noticed Terence
  2478 | D:3      | Slain by Terence

Illustrated notes

Levels and vault maps discovered:
D:1:      enne_arrival_octagon_isle, layout_basic
D:2:      layout_loops_ring, shapermc_ecumenical_altar_gd, basic_altar,
          grunt_ministairs_11
D:3:      layout_loops_ring, lightli_temple_of_fire, lemuel_round_altar,
          mainiacjoe_overflow_chevrons, mainiacjoe_overflow_brackets,
          minivault_27, hangedman_decor_growths, small_statue_intersection,
          uniq_terence

Skill      XL: |  1  2  3 |
---------------+----------+-----
Armour         | 4 |  4.1
Fighting       | 4 |  4.0
Axes           | |  2.6
Shields        | |  3.6

Action                   |  1- 3 |  4- 6 || total
-------------------------+-------+-------++-------
Melee: War axe           |   103 |    16 ||   119
  Use: Scroll            |       |     2 ||     2
Armor: Scale mail        |    73 |     4 ||    77
Dodge: Dodged            |    52 |     6 ||    58
Block: Buckler           |    39 |     4 ||    43

Table legend: (Time is in decaauts)
 A = Elapsed time spent in this place.
 B = Non-inter-level travel time spent in this place.
 C = Inter-level travel time spent in this place.
 D = Time resting spent in this place.
 E = Time spent auto-exploring this place.
 F = Levels seen in this place.
 G = Mean time per level.
                   A        B        C        D        E       F      G
               +--------+--------+--------+--------+--------+-----+--------+
         Total |   2523 |   2472 |     51 |    284 |   1785 |   3 |  841.0 |
       Dungeon |   2523 |   2472 |     51 |    284 |   1785 |   3 |  841.0 |
               +--------+--------+--------+--------+--------+-----+--------+

Top non-repeatable levels by time:
     D:2: 1432 daAuts
     D:1: 1062 daAuts
     D:3: 27 daAuts
